 Dungeon Crawl Stone Soup version 0.29.1-12-g30fa7ad0bf (webtiles) character file.

Game seed: 8495857749940275059

6301 croobank the Ducker (level 10, -8/154 HPs)
             Began as an Octopode Transmuter on Jan 1, 2023.
             Was an Initiate of Gozag.
             Mangled by a basilisk (12 damage)
             ... on level 8 of the Dungeon.
             The game lasted 00:30:50 (8304 turns).

croobank the Ducker (Octopode Transmuter)           Turns: 8304, Time: 00:30:50

Health: -8/154     AC: 29    Str: 16    XL:     10   Next: 95%
Magic:  19/19      EV:  2    Int: 20    God:    Gozag
Gold:   223        SH:  0    Dex: 15    Spells: 11/21 levels left

rFire   + + +      SeeInvis .   B - +8 flail of Ixolops {venom, rF+ Dex+3}
rCold   + + .      Faith    .   (no shield)
rNeg    . . .      Spirit   .   (helmet currently unavailable)
rPois   +          Reflect  .   D - amulet of magic regeneration
rElec   +          Harm     .   l - ring of protection from cold
rCorr   +          Rampage  .   d - +4 ring of protection
Will    .....      NoTele   +   g - +4 ring of protection
Stlth   ..........              n - +4 ring of protection
HPRegen 0.35/turn               i - ring of protection from fire
MPRegen 0.56/turn               v - +6 ring of strength
                                u - +4 ring of evasion
                                (no ring)

@: mighty, berserking (expiring), tree-form (expiring), resistant, corroded,
gold aura, very quick
A: stationary, stasis, torment immunity, boosted hp, almost no armour,
(amphibious), 8 rings, (camouflage 1), (gelatinous body 1), (nimble swimmer 1),
(tentacles)
a: Renounce Religion, Potion Petition, Call Merchant, Bribe Branch


You were on level 8 of the Dungeon.
You worshipped Gozag.
Gozag was aware of your devotion.
You were a tree.
You visited 1 branch of the dungeon, and saw 8 of its levels.

You collected 1176 gold pieces.
You spent 330 gold pieces at shops.
You paid 623 gold pieces to Gozag.

Inventory:

Hand Weapons
 a - a +1 dagger of venom
 b - a +0 arbalest
 e - a +0 spear
 j - a +4 quarterstaff of chaos
 p - a +0 vampiric whip
 w - a +2 dagger of draining
 B - the +8 flail of Ixolops (weapon) {venom, rF+ Dex+3}
   (You found it on level 4 of the Dungeon)

   It poisons the flesh of those it strikes.
   Dex:       It affects your dexterity (+3).
   rF:        It protects you from fire.
 C - a +2 demon trident of venom
 F - a +2 vampiric hand axe
 G - a +0 sling
Missiles
 q - 2 throwing nets (quivered)
 z - 8 poisoned darts
Magical Staves
 I - a staff of poison
Jewellery
 d - a +4 ring of protection (right branch)
 g - a +4 ring of protection (on tentacle)
 i - a ring of protection from fire (on tentacle)
 l - a ring of protection from cold (left branch)
 n - a +4 ring of protection (on tentacle)
 s - an amulet of reflection
 u - a +4 ring of evasion (on tentacle)
 v - a +6 ring of strength (on tentacle)
 D - an amulet of magic regeneration (around neck)
 J - a +4 ring of evasion
Wands
 A - a wand of paralysis (7)
Scrolls
 c - 6 scrolls of identify
 f - 3 scrolls of teleportation
 m - 2 scrolls of enchant armour
 t - 3 scrolls of amnesia
Potions
 h - 4 potions of attraction
 k - 5 potions of curing
 o - a potion of brilliance
 r - 2 potions of mutation
 x - 2 potions of invisibility
 y - a potion of lignification
 E - 3 potions of flight
 H - a potion of haste


   Skills:
 + Level 6.5 Fighting
 + Level 5.2 Maces & Flails
 + Level 6.8 Dodging
 - Level 4.5 Unarmed Combat
 + Level 6.1 Spellcasting
 - Level 5.0 Conjurations
 + Level 6.7 Transmutations
 - Level 5.0 Earth Magic


You had 11 spell levels left.
You knew the following spells:

 Your Spells              Type           Power      Damage    Failure   Level
a - Beastly Appendage     Tmut           66%        N/A       1%          1
b - Wereblood             Tmut           33%        N/A       1%          2
c - Stone Arrow           Conj/Erth      52%        3d10      4%          3
d - Spider Form           Tmut/Pois      19%        N/A       8%          3
e - Sandblast             Erth           52%        2d12      1%          1

Your spell library contained the following spells:

 Spells                   Type           Power      Damage    Failure   Level
 Passwall                 Tmut/Erth      24%        N/A       1%          2
 Apportation              Tloc           12%        N/A       11%         1
 Necrotise                Necr           24%        1d5       11%         1
 Summon Small Mammal      Summ           24%        N/A       11%         1
 Ensorcelled Hibernation  Hex/Ice        12%        N/A       16%         2
 Ice Form                 Ice/Tmut       19%        N/A       26%         4
 Swiftness                Air            6%         N/A       30%         3
 Alistair's Intoxication  Tmut/Pois      12%        N/A       56%         5


Dungeon Overview and Level Annotations

Branches:
Dungeon (8/15)             Temple (0/1) D:5
   Lair: D:8-11

Altars:
Ashenzari
Cheibriados
Dithmenos
Gozag
Okawaru
Ru
Sif Muna
Uskayaw
Vehumet
Xom
The Shining One

Shops:
D:2 :   D:3 *   D:4 =


Innate Abilities, Weirdness & Mutations

You are a tree.
Your roots penetrate the ground, keeping you stationary.
You cannot be teleported.
You are immune to unholy pain and torment.
Your maximum health is greatly increased.
You cannot wear most types of armour.
((You are amphibious.))
You can wear up to eight rings at the same time.
((Your skin changes colour to match your surroundings (Stealth+).))
((Your rubbery body absorbs attacks. (AC +1, EV +1)))
((You are camouflaged when in or above water. (Stealth+)))
((You have tentacles for arms and can constrict up to eight enemies at once.))


Message History

Your transformation is almost over.
The komodo dragon bites you but does no damage.
The basilisk bites you.
The wyvern bites you but does no damage.
The bullfrog is distracted by your dazzling golden aura.
The bullfrog is no longer distracted by gold.
The wyvern bites you but does no damage.
The komodo dragon bites you but does no damage.
The basilisk bites you but does no damage.
The wyvern bites you.
* * * LOW HITPOINT WARNING * * *
Your primal bloodlust has ended.
The komodo dragon bites you but does no damage.
The basilisk gazes at you. You resist with some effort.
The wyvern bites you but does no damage.
The bullfrog hits you but does no damage.
The wyvern bites you!
* * * LOW HITPOINT WARNING * * *
The komodo dragon bites you!
* * * LOW HITPOINT WARNING * * *
The basilisk bites you but does no damage.
The bullfrog hits you but does no damage.
The wyvern bites you but does no damage.
The bullfrog hits you but does no damage.
The komodo dragon bites you!
* * * LOW HITPOINT WARNING * * *
The basilisk gazes at you. You resist with some effort. The wyvern bites you!
* * * LOW HITPOINT WARNING * * *
The bullfrog hits you but does no damage.
You turn to wood and can move again.
You are too berserk!
You hit the basilisk.
The basilisk looks as sick as possible!
The basilisk is almost dead.
The wyvern bites you but does no damage.
The komodo dragon completely misses you.
The basilisk bites you!
You die...
Your body crumbles into a pile of gold.

# # ##. # #.#..###. ###
....#...####.. $
...#.....##.####
......l.....##.## ####
#....l♣l.......### #.##
$
#...#F.#.$.......###...
#.. ####.#$###.........
# $ #.##..#.##.######
## ##### ###


You could see a komodo dragon (very poisoned), a basilisk (extremely poisoned),
a wyvern and a bullfrog.

Vanquished Creatures
  A two-headed ogre (D:6)
  4 gargoyles (D:7)
  An unseen horror (D:7)
  A komodo dragon (D:8)
  A wyvern (D:4)
  Eustachio (D:5)
  Grum (D:8)
  A basilisk (D:8)
  An acid dragon (D:8)
  A water moccasin (D:7)
  3 orc warriors
  A black bear (D:6)
  2 ice beasts
  2 sky beasts (D:6)
  2 ogres
  4 wolves (D:8)
  A centaur (D:7)
  3 phantoms
  A kobold brigand (D:4)
  3 necrophages
  Blork the orc (D:5)
  3 bullfrogs (D:7)
  A gnoll sergeant (D:7)
  3 scorpions (D:4)
  2 howler monkeys
  2 jellies
  5 hounds
  7 orc priests
  Crazy Yiuf (D:7)
  4 iguanas
  3 orc wizards
  3 gnolls (D:7)
  7 adders
  4 white imps
  An ufetubus (D:7)
  A worm (D:4)
  4 dart slugs
  29 orcs
  5 ball pythons
  A bat (D:1)
  9 endoplasms
  5 giant cockroaches
  6 goblins
  10 hobgoblins
  3 quokkas
  6 frilled lizards
  9 kobolds (D:4)
  5 rats
175 creatures vanquished.

Notes
Turn   | Place    | Note
-------+----------+-------------------------------------------
     0 | D:1      | croobank the Octopode Transmuter began the quest for the
                  | Orb.
     0 | D:1      | Reached XP level 1. HP: 13/13 MP: 3/3
   245 | D:1      | Reached XP level 2. HP: 18/18 MP: 3/5
   248 | D:1      | Learned a level 2 spell: Wereblood
   978 | D:2      | Reached XP level 3. HP: 20/23 MP: 6/6
  1417 | D:2      | Reached XP level 4. HP: 21/29 MP: 3/7
  1605 | D:2      | Learned a level 3 spell: Stone Arrow
  1847 | D:2      | Found Turphiod's Vocational Training.
  2271 | D:3      | Reached XP level 5. HP: 33/34 MP: 4/8
  2275 | D:3      | Reached skill level 1 in Conjurations
  2387 | D:3      | Reached skill level 1 in Earth Magic
  2432 | D:3      | Found Vexuur's Assorted Antiques.
  2539 | D:3      | Noticed an ogre
  2546 | D:3      | Killed an ogre
  2547 | D:3      | Reached XP level 6. HP: 7/41 MP: 8/10
  2872 | D:3      | Found an opulent altar of Gozag.
  2880 | D:3      | Became a worshipper of Gozag Ym Sagoz the Greedy
  3386 | D:4      | Found an iron altar of Okawaru.
  3711 | D:4      | Learned a level 3 spell: Spider Form
  3746 | D:4      | Reached XP level 7. HP: 45/45 MP: 5/11
  4050 | D:4      | Found a large runed translucent door.
  4053 | D:4      | Found a large runed translucent door.
  4072 | D:4      | Noticed a wyvern
  4077 | D:4      | Killed a wyvern
  4143 | D:4      | Found a shimmering blue altar of Sif Muna.
  4145 | D:4      | Found a hide-covered altar of Uskayaw.
  4166 | D:4      | Found a snail-covered altar of Cheibriados.
  4167 | D:4      | Found a sacrificial altar of Ru.
  4168 | D:4      | Found a broken altar of Ashenzari.
  4168 | D:4      | Found a shadowy altar of Dithmenos.
  4172 | D:4      | Found a radiant altar of Vehumet.
  4173 | D:4      | Found a glowing golden altar of the Shining One.
  4203 | D:4      | Reached XP level 8. HP: 52/52 MP: 9/13
  4321 | D:4      | Found a large runed translucent door.
  4321 | D:4      | Found a large runed translucent door.
  4348 | D:4      | Identified the +8 flail of Ixolops {venom, rF+ Dex+3}
  4524 | D:4      | Found Ybbo's Jewellery Shoppe.
  4527 | D:4      | Bought an amulet of magic regeneration for 330 gold pieces
  4707 | D:5      | Entered Level 5 of the Dungeon
  4728 | D:5      | Reached skill level 1 in Maces & Flails
  4791 | D:5      | Noticed Blork the orc
  4794 | D:5      | Learned a level 1 spell: Sandblast
  4800 | D:5      | Killed Blork the orc
  4912 | D:5      | Found a shimmering altar of Xom.
  5157 | D:5      | Noticed Eustachio
  5166 | D:5      | Killed Eustachio
  5182 | D:5      | Found a staircase to the Ecumenical Temple.
  5485 | D:6      | Reached XP level 9. HP: 59/59 MP: 15/15
  5645 | D:6      | Noticed a two-headed ogre
  6159 | D:6      | HP: 1/59 [two-headed ogre/+0 giant club (22)]
  6161 | D:6      | Killed a two-headed ogre
  6162 | D:6      | Reached skill level 5 in Fighting
  6162 | D:6      | Reached skill level 5 in Dodging
  6162 | D:6      | Reached skill level 5 in Transmutations
  6919 | D:7      | Reached skill level 5 in Spellcasting
  6986 | D:7      | Noticed a gargoyle
  6994 | D:7      | Killed a gargoyle
  6995 | D:7      | Reached XP level 10. HP: 42/66 MP: 17/17
  7128 | D:7      | Noticed a gargoyle
  7137 | D:7      | Killed a gargoyle
  7138 | D:7      | Reached skill level 5 in Conjurations
  7140 | D:7      | Noticed a gargoyle
  7147 | D:7      | Killed a gargoyle
  7148 | D:7      | Reached skill level 5 in Earth Magic
  7156 | D:7      | Noticed a gargoyle
  7165 | D:7      | Killed a gargoyle
  7404 | D:7      | Found a runed translucent door.
  7405 | D:7      | Noticed Crazy Yiuf
  7692 | D:7      | Killed an unseen horror
  7936 | D:7      | Killed Crazy Yiuf
  8189 | D:8      | Noticed Grum
  8198 | D:8      | Killed Grum
  8199 | D:8      | Reached skill level 5 in Maces & Flails
  8303 | D:8      | HP: 7/154 [komodo dragon (8)]
  8303 | D:8      | HP: 3/154 [wyvern (4)]
  8304 | D:8      | Mangled by a basilisk

Illustrated notes

Levels and vault maps discovered:
D:1:      roderic_chinese_lattice_arrival, layout_loops_cross
D:2:      layout_loops_ring, amcnicky_mini_corridor_feature,
          nicolae_shop_vocational
D:3:      layout_basic, nicolae_gozag_cash_rules_everything_around_me,
          serial_shops, nicolae_shop_behind_doors
D:4:      cheibrodos_thug_alley, layout_cave_pools, okawaru_ov_weapons_minmay,
          minitemple, serial_shops, kennysheep_mini,
          chequers_serial_rivers_room_a, minmay_hollow_rounded_squares
D:5:      layout_rooms, xom_teletrap_fun, lemuel_temple_firewalk_a,
          uniq_eustachio, uniq_blork_the_orc
D:6:      layout_basic
D:7:      cheibrodos_statue_roulette, layout_cave_pools, minmay_puff,
          uniq_crazy_yiuf_cottage
D:8:      layout_basic, erik_lair_dragon, enter_bailey_7, due_unseen_surprise,
          uniq_grum, uniq_maurice

Skill      XL: |  1  2  3  4  5  6  7  8  9 10 |
---------------+-------------------------------+-----
Fighting       | 2 3 4 5 6 |  6.5
Conjurations   | 1 2 3 4 5 |  5.0
Earth Magic    | 1 2 3 4 5 |  5.0
Dodging        | 3 4 5 6 |  6.8
Transmutations | 3 4 5 6 |  6.7
Spellcasting   | 3 4 5 6 |  6.1
Unarmed Combat | 4 |  4.5
Maces & Flails | 2 3 5 |  5.2

Action                   |  1- 3 |  4- 6 |  7- 9 | 10-12 || total
-------------------------+-------+-------+-------+-------++-------
Melee: Unarmed           |    72 |    70 |     7 |       ||   149
       Kick              |    18 |    23 |    35 |    19 ||    95
       Tentacles         |    11 |    23 |    28 |    26 ||    88
       Constrict         |    17 |    19 |    29 |    19 ||    84
       Dagger            |       |    35 |    58 |       ||    93
       Punch             |       |     2 |     5 |     2 ||     9
       Flail             |       |       |   103 |   105 ||   208
 Fire: Arbalest          |       |       |    15 |       ||    15
Throw: Throwing net      |       |       |       |     2 ||     2
 Cast: Beastly Appendage |    17 |    21 |    29 |    10 ||    77
       Wereblood         |     9 |    20 |    23 |     8 ||    60
       Spider Form       |       |     1 |     1 |       ||     2
       Sandblast         |       |       |     5 |       ||     5
Invok: Potion Petition   |       |       |       |     1 ||     1
  Use: Scroll            |       |    16 |     4 |     4 ||    24
       Potion            |       |       |       |     3 ||     3
 Stab: Sleeping          |     2 |     1 |     5 |     2 ||    10
       Distracted        |       |     1 |       |     1 ||     2
       Held in net/web   |       |       |       |     1 ||     1
Armor: Skin              |    16 |    60 |    39 |    54 ||   169
Dodge: Dodged            |    32 |    57 |   124 |   119 ||   332
Block: Other             |       |    19 |     9 |       ||    28
       Reflection        |       |     2 |     1 |       ||     3
